 Dungeon Crawl Stone Soup version 0.28-a0-773-g130ae17fe5 (webtiles) character file.

Game seed: 5390106555563539306

128 croobank the Digger (level 5, -1/29 HPs)
             Began as a Gargoyle Earth Elementalist on Nov 1, 2021.
             Slain by a river rat (5 damage)
             ... summoned by Eustachio
             ... on level 4 of the Dungeon.
             The game lasted 00:20:16 (3621 turns).

croobank the Digger (Gargoyle Earth Elementalist)   Turns: 3621, Time: 00:20:17

Health: -1/29      AC:  7    Str: 10 (13) XL:     5   Next: 12%
Magic:  0/8        EV: 11    Int: 12 (15) God:
Gold:   62         SH:  0    Dex:  8 (10) Spells: 4/8 levels left

rFire   . . .      SeeInvis .   a - +0 mace
rCold   . . .      Faith    .   (no shield)
rNeg    + . .      Spirit   .   n - +0 leather armour
rPois   ∞          Reflect  .   (no helmet)
rElec   +          Harm     .   (no cloak)
rCorr   .          Rampage  .   (no gloves)
Will    .....                   (no boots)
Stlth   ++........              (no amulet)
HPRegen 0.09/turn               (no ring)
MPRegen 0.11/turn               (no ring)

@: no status effects
A: sickness immunity, AC +4, negative energy resistance 1, electricity
resistance, torment resistance 1, petrification resistance
a: no special abilities


You were on level 4 of the Dungeon.
You visited 1 branch of the dungeon, and saw 4 of its levels.

You collected 62 gold pieces.

Inventory:

Hand Weapons
 a - a +0 mace (weapon)
 d - a +0 hand axe
 f - a +0 hand crossbow
 g - a +0 short sword
 i - a +0 dagger of venom
 j - a +0 halberd
 k - a +0 spear
 m - a +1 spear of pain
 o - a +3 dagger
Missiles
 c - 51 stones
 t - 3 atropa-tipped darts
Armour
 b - a +0 robe
 e - a +0 scale mail
 n - a +0 leather armour (worn)
 p - a +0 ring mail
 q - a +0 chain mail
 s - a +0 kite shield
Scrolls
 h - a scroll of magic mapping
 l - a scroll of torment {unknown}
 r - a scroll of noise {unknown}
 u - a scroll of holy word {unknown}
 w - a scroll of summoning {unknown}
Potions
 v - a potion of flight


   Skills:
 + Level 1.0 Fighting
 + Level 2.4 Maces & Flails
 + Level 0.5 Armour
 + Level 2.2 Dodging
 + Level 2.8 Stealth
 + Level 2.3 Spellcasting
 + Level 0.7 Transmutations
 + Level 4.3 Earth Magic


You had 4 spell levels left.
You knew the following spells:

 Your Spells              Type           Power      Damage    Failure   Level
a - Sandblast             Erth           22%        2d7       6%          1
b - Stone Arrow           Conj/Erth      12%        3d7       41%         3

Your spell library contained the following spells:

 Spells                   Type           Power      Damage    Failure   Level
 Passwall                 Tmut/Erth      5%         N/A       19%         2
 Petrify                  Tmut/Erth      7%         N/A       77%         4


Dungeon Overview and Level Annotations

Branches:
Dungeon (4/15)
 Temple: D:4-7

Altars:
Qazlal

Annotations:
D:4 Eustachio


Innate Abilities, Weirdness & Mutations

You are immune to sickness and miasma.
Your stone body is resilient. (AC +4)
You are immune to poison.
You resist negative energy. (rN+)
You are resistant to electric shocks. (rElec)
You are resistant to unholy torment.
You are immune to petrification.


Message History

Press: ? - help, Q - select action, (/) - cycle Shift-Dir - straight line, f/p - Eustachio
Aim: Eustachio, wielding a +0 rapier and wearing a +0 leather armour (heavily wounded, 71% to hit)
The blast of sand hits Eustachio.
Eustachio is heavily wounded.
Eustachio gestures wildly while chanting.
The river rat bites you! The rat bites you but does no damage.
Aiming: Sandblast (safe; 4% risk of failure)
Press: ? - help, Q - select action, (/) - cycle Shift-Dir - straight line, f/p - Eustachio
Aim: Eustachio, wielding a +0 rapier and wearing a +0 leather armour (heavily wounded, 71% to hit)
The blast of sand hits Eustachio.
Eustachio is heavily wounded.
Eustachio asks, "How can you live without manners, virtues and honour?"
The ufetubus barely misses you.
The ufetubus hits you but does no damage.
The river rat bites you but does no damage.
The rat closely misses you.
Eustachio says, "Summoning is fun!"
It was a potion of degeneration.
There was something very wrong with that liquid.
You feel weakened.
You feel dopey.
You feel clumsy.
The ufetubus hits you but does no damage.
The ufetubus closely misses you. The river rat bites you. The rat misses you.
Eustachio casts a spell.
Eustachio blinks!
The river rat bites you.
* * * LOW HITPOINT WARNING * * *
Aiming: Sandblast (safe; 6% risk of failure)
Press: ? - help, Q - select action, (/) - cycle Shift-Dir - straight line, f - rat, p - Eustachio
Aim: a rat (summoned, 79% to hit)
The blast of sand hits the rat!
You kill the rat!
The rat's corpse disappears in a puff of smoke!
The ufetubus hits you but does no damage.
The ufetubus hits you.
* * * LOW HITPOINT WARNING * * *
The ufetubus hits you.
* * * LOW HITPOINT WARNING * * *
The ufetubus closely misses you.
The river rat bites you but does no damage.
The river rat bites you.
You die...

.. #... .......
#...##### .@.....
#.......# .r.....
#.......# <......
#.......# .......
###.....####.......
.......55@.........
......@5r§.<.......
.....+##...........
.... +.............
.. ###....#######
#....# ######


You could see Eustachio, a river rat (summoned), a shadow imp (summoned) and 2
ufetubi.

Vanquished Creatures
  3 gnolls (D:2)
  3 adders
  A worm (D:2)
  3 dart slugs
  2 orcs (D:3)
  5 endoplasms
  2 giant cockroaches (D:2)
  8 goblins
  6 hobgoblins
  10 ball pythons
  A bat (D:3)
  6 frilled lizards
  6 kobolds
  12 rats
68 creatures vanquished.

Notes
Turn   | Place    | Note
-------+----------+-------------------------------------------
     0 | D:1      | croobank the Gargoyle Earth Elementalist began the quest
                  | for the Orb.
     0 | D:1      | Reached XP level 1. HP: 10/10 MP: 3/3
   430 | D:1      | Reached XP level 2. HP: 15/15 MP: 5/5
   712 | D:1      | Reached skill level 4 in Earth Magic
   881 | D:1      | Reached skill level 1 in Maces & Flails
  1331 | D:2      | Reached XP level 3. HP: 18/19 MP: 6/6
  1837 | D:2      | Learned a level 3 spell: Stone Arrow
  2194 | D:2      | Reached XP level 4. HP: 24/24 MP: 4/7
  2789 | D:2      | Found a faded altar of an unknown god.
  3247 | D:3      | Reached XP level 5. HP: 22/28 MP: 8/8
  3315 | D:3      | Found a stormy altar of Qazlal.
  3373 | D:3      | Reached skill level 1 in Fighting
  3601 | D:4      | Noticed Eustachio
  3621 | D:4      | Slain by a river rat

Illustrated notes

Levels and vault maps discovered:
D:1:      lemuel_arrival_behind_the_door_large, layout_basic,
          minmay_misc_feat_plants, minmay_misc_feat_square, patterned_corridor
D:2:      layout_basic, dreamdust_ecumenical_altar_angels_and_demons
D:3:      layout_rooms, grunt_qazlal_clouds, minmay_pentomino_pile
D:4:      layout_basic, mainiacjoe_overflow_divided_tiny,
          minmay_temple_entry_statues_fountains, kennysheep_windowed_goal,
          uniq_natasha, uniq_eustachio, uniq_blork_the_orc

Skill      XL: |  1  2  3  4  5 |
---------------+----------------+-----
Earth Magic    | 4 |  4.3
Maces & Flails | 1 2 |  2.4
Dodging        | 2 |  2.2
Fighting       | 1 |  1.0
Armour         | |  0.5
Stealth        | |  2.8
Spellcasting   | |  2.3
Transmutations | |  0.7

Action                   |  1- 3 |  4- 6 || total
-------------------------+-------+-------++-------
Melee: Mace              |    90 |    77 ||   167
 Cast: Sandblast         |    12 |    21 ||    33
  Use: Scroll            |     1 |     2 ||     3
       Potion            |       |     4 ||     4
 Stab: Sleeping          |     3 |       ||     3
Armor: Robe              |    20 |       ||    20
       Leather armour    |       |    36 ||    36
Dodge: Dodged            |    68 |    70 ||   138

Table legend: (Time is in decaauts)
 A = Elapsed time spent in this place.
 B = Non-inter-level travel time spent in this place.
 C = Inter-level travel time spent in this place.
 D = Time resting spent in this place.
 E = Time spent auto-exploring this place.
 F = Levels seen in this place.
 G = Mean time per level.
                   A        B        C        D        E       F      G
               +--------+--------+--------+--------+--------+-----+--------+
         Total |   3674 |   3609 |     65 |    362 |   2542 |   4 |  918.5 |
       Dungeon |   3674 |   3609 |     65 |    362 |   2542 |   4 |  918.5 |
               +--------+--------+--------+--------+--------+-----+--------+

Top non-repeatable levels by time:
     D:2: 1600 daAuts
     D:1: 1327 daAuts
     D:3: 726 daAuts
     D:4: 19 daAuts
